 Dungeon Crawl Stone Soup version 0.22-a0-417-g1387785 (webtiles) character file.

132 Mgcat the Sneak (level 4, -6/21 HPs)
             Began as a Spriggan Enchanter on May 14, 2018.
             Mangled by a gnoll
             ... wielding a +0 spear
              (11 damage)
             ... on level 3 of the Dungeon.
             The game lasted 00:05:48 (2336 turns).

Mgcat the Sneak (Spriggan Enchanter)                Turns: 2336, Time: 00:05:49

Health: -6/21      AC:  2    Str:  7    XL:     4   Next: 92%
Magic:  4/10       EV: 18    Int: 17    God:
Gold:   138        SH:  0    Dex: 16    Spells: 4/10 levels left

rFire    . . .     SeeInvis +   a - +1 dagger
rCold    . . .     Gourm    .   (shield restricted)
rNeg     . . .     Faith    .   b - +0 robe
rPois    .         Spirit   .   (helmet restricted)
rElec    .         Reflect  .   (no cloak)
rCorr    .         Harm     .   (gloves unavailable)
MR       .....                  (boots unavailable)
Stlth    +++.......             (no amulet)
HPRegen  0.07/turn              l - +3 ring of strength
MPRegen  0.12/turn              (no ring)

@: very quick
A: very small, unfitting armour, see invisible, herbivore, speed 3, slow
metabolism 2
a: no special abilities


You were on level 3 of the Dungeon.
You were hungry.

You visited 1 branch of the dungeon, and saw 3 of its levels.

You collected 138 gold pieces.

Inventory:

Hand Weapons
 a - a +1 dagger (weapon)
Armour
 b - a +0 robe (worn)
 o - a +0 buckler
   (You found it on level 2 of the Dungeon)
Jewellery
 l - a +3 ring of strength (left hand)
   (You found it on level 1 of the Dungeon)
Scrolls
 c - a scroll of enchant armour {unknown}
 e - 3 scrolls of identify {unknown}
 g - 2 scrolls of fog {unknown}
 h - a scroll of amnesia {unknown}
 j - a scroll of blinking {unknown}
 n - a scroll of remove curse {unknown}
 p - a scroll of teleportation {unknown}
 q - a scroll of fear {unknown}
 t - a scroll of magic mapping {unknown}
Potions
 f - 5 potions of curing {unknown}
 i - a potion of resistance {unknown}
 k - a potion of brilliance {unknown}
 m - a potion of agility {unknown}
 r - a potion of degeneration {unknown}
 s - 2 potions of flight {unknown}
Comestibles
 d - 6 rations


   Skills:
 - Level 1.1 Short Blades
 - Level 3.0 Dodging
 + Level 6.3 Stealth
 + Level 3.7 Spellcasting
 + Level 4.5 Hexes
 + Level 1.5 Ice Magic


You had 4 spell levels left.
You knew the following spells:

 Your Spells              Type           Power        Failure   Level  Hunger
a - Corona                Hex            ###....      2%          1    None
b - Ensorcelled Hibernat  Hex/Ice        ##....       7%          2    ##.....
c - Confuse               Hex            ###.....     8%          3    ###....

Your spell library contained the following spells:

 Spells                   Type           Power        Failure   Level  Hunger
 Tukima's Dance           Hex            ###.....     8%          3    ###....
 Dazzling Spray           Conj/Hex       ##....       19%         3    ###....


Dungeon Overview and Level Annotations

Branches:
Dungeon (3/15)

Altars:
Trog


Innate Abilities, Weirdness & Mutations

You are very small and have problems with some larger weapons.
You are too small for most types of armour.
You have supernaturally acute eyesight. (SInv)
You are a herbivore.
You cover ground extremely quickly.
You need to consume almost no food.


Message History

A goblin comes into view. It is wielding a dagger.
The helpless goblin fails to defend itself.
You impale the goblin!!
You kill the goblin!
Things that are here:
a dagger; a goblin corpse A goblin comes into view.
It is wielding a dagger.
The goblin shouts!
Casting: Ensorcelled Hibernation (safe; 8% risk of failure)
Confirm with . or Enter, or press ? or * to list all spells.
Aiming: Ensorcelled Hibernation (safe; 8% risk of failure)
Press: ? - help, Shift-Dir - straight line, f - goblin
Aim: a goblin, wielding a dagger (chance to defeat MR: 61%)
The goblin looks drowsy...
The helpless goblin fails to defend itself.
You impale the goblin!!
You kill the goblin!
You now have 124 gold pieces (gained 17).
A rat comes into view.
Found a dagger.
Found a bloodstained altar of Trog.
Casting: Ensorcelled Hibernation (safe; 8% risk of failure)
Confirm with . or Enter, or press ? or * to list all spells.
Aiming: Ensorcelled Hibernation (safe; 8% risk of failure)
Press: ? - help, Shift-Dir - straight line, f - rat
Aim: a rat (chance to defeat MR: 61%)
The rat resists with significant effort.
Casting: Ensorcelled Hibernation (safe; 8% risk of failure)
Confirm with . or Enter, or press ? or * to list all spells.
Aiming: Ensorcelled Hibernation (safe; 8% risk of failure)
Press: ? - help, Shift-Dir - straight line, f/p - rat
Aim: a rat (chance to defeat MR: 61%)
The rat looks drowsy...
The helpless rat fails to defend itself.
You impale the rat!!
You kill the rat!
You start resting.
Magic restored.
There is a bloodstained altar of Trog here.
Things that are here:
a dagger; an animal skin A hobgoblin comes into view.
The helpless hobgoblin fails to defend itself.
You impale the hobgoblin!!
You kill the hobgoblin!
s - 2 golden potions
g - 2 scrolls labeled LYVANU XOAPAEFUEMI (gained 1)
Found a stone staircase leading down.
Found a stone staircase leading up.
You now have 138 gold pieces (gained 14).
An adder comes into view.
t - a scroll labeled AMYORCH ENKEU The helpless adder fails to defend itself.
You impale the adder!!
You kill the adder!
d - 6 rations (gained 1)
A gnoll comes into view.
It is wielding a halberd. 2 gnolls come into view.
The helpless gnoll fails to defend itself.
You impale the gnoll!!
You kill the gnoll!
You see here a halberd.
The helpless gnoll fails to defend itself.
You impale the gnoll!!
You kill the gnoll!
You see here a gnoll corpse.
An orc comes into view. It is wielding a club.
The gnoll shouts!
The orc shouts!
You hit the gnoll.
The gnoll is lightly wounded.
The gnoll hits you with a spear. The orc misses you.
The gnoll barely misses you.
You see here a gnoll corpse.
You see here a halberd.
Casting: Ensorcelled Hibernation (safe; 7% risk of failure)
Confirm with . or Enter, or press ? or * to list all spells.
Aiming: Ensorcelled Hibernation (safe; 7% risk of failure)
Press: ? - help, Shift-Dir - straight line, f - orc
Aim: an orc, wielding a club (chance to defeat MR: 62%)
The orc resists with significant effort.
Casting: Ensorcelled Hibernation (safe; 7% risk of failure)
Confirm with . or Enter, or press ? or * to list all spells.
Aiming: Ensorcelled Hibernation (safe; 7% risk of failure)
Press: ? - help, Shift-Dir - straight line, f/p - orc
Aim: an orc, wielding a club (chance to defeat MR: 62%)
The orc resists with significant effort.
The orc closely misses you.
Casting: Ensorcelled Hibernation (safe; 7% risk of failure)
Confirm with . or Enter, or press ? or * to list all spells.
Aiming: Ensorcelled Hibernation (safe; 7% risk of failure)
Press: ? - help, Shift-Dir - straight line, f/p - orc
Aim: an orc, wielding a club (chance to defeat MR: 62%)
The orc looks drowsy...
The gnoll hits you from afar with a spear!
* * * LOW HITPOINT WARNING * * *
The helpless orc fails to defend itself.
You impale the orc!!
You kill the orc!
The gnoll hits you from afar with a spear!
Ouch! That really hurt!
You die...

.#.#####..#..#.#.#
.............#.#.#
##.#...#..##.#.#.#
.............#.#.#
##.#......####.#.# #
...............#.##.##.#
......#................#
.....##.#.######.##.##.
####.##.#.# #@# ####.#.#
#)# #.#.# #g#### #.#.#
#....#
#.#...............
#.###########.####
#######.# ... ........#
### #######.#


You could see a gnoll.

Vanquished Creatures
  2 gnolls (D:3)
  6 adders
  An ooze (D:2)
  A worm (D:2)
  3 leopard geckos (D:2)
  An orc (D:3)
  A ball python (D:2)
  3 bats
  2 giant cockroaches (D:2)
  7 goblins
  11 hobgoblins
  5 frilled lizards
  4 kobolds
  5 rats
52 creatures vanquished.

Notes
Turn   | Place    | Note
-------+----------+-------------------------------------------
     0 | D:1      | Mgcat the Spriggan Enchanter began the quest for the Orb.
     0 | D:1      | Reached XP level 1. HP: 9/9 MP: 5/5
   195 | D:1      | Reached skill level 5 in Stealth
   298 | D:1      | Reached XP level 2. HP: 13/13 MP: 4/6
   302 | D:1      | Learned a level 2 spell: Ensorcelled Hibernation
   348 | D:1      | HP: 3/13 [hobgoblin/club (3)]
   939 | D:2      | HP: 3/13 [hobgoblin/dagger (4)]
   941 | D:2      | Reached skill level 3 in Spellcasting
  1126 | D:2      | Reached XP level 3. HP: 13/16 MP: 8/8
  1178 | D:2      | Reached skill level 4 in Hexes
  1382 | D:2      | Reached skill level 1 in Ice Magic
  1541 | D:2      | Reached skill level 6 in Stealth
  1598 | D:2      | Reached XP level 4. HP: 21/21 MP: 6/9
  2088 | D:3      | Learned a level 3 spell: Confuse
  2144 | D:3      | Found a bloodstained altar of Trog.
  2335 | D:3      | HP: 5/21 [gnoll/spear (10)]
  2336 | D:3      | Mangled by a gnoll

Vault maps used:
D:1:      minmay_arrival_wavy_path
D:2:      first_ration
D:3:      chequers_temple_overflow_statue_of_worship, bloody_trog

Skill      XL: |  1  2  3 |
---------------+----------+-----
Stealth        | 5 6 |  6.3
Spellcasting   | 3 |  3.7
Hexes          | 4 |  4.5
Ice Magic      | 1 |  1.5
Short Blades   | |  1.1
Dodging        | |  3.0

Action                   |  1- 3 |  4- 6 || total
-------------------------+-------+-------++-------
Melee: Dagger            |    81 |    23 ||   104
 Cast: Corona            |     7 |       ||     7
       Ensorcelled Hiber |    19 |    16 ||    35
 Stab: Sleeping          |    23 |    17 ||    40
Armor: Robe              |    10 |     1 ||    11
Dodge: Dodged            |    47 |    13 ||    60

Table legend:
 A = Spawn XP
 B = Non-spawn XP
 C = Spawn XP percentage of total XP
 D = Spawn monster count
 E = Non-spawn monster count
 F = Spawn count percentage of total count
 G = Total turns spent on level
                    A         B        C        D         E        F      G
               +---------+---------+-------+---------+---------+-------+---------
         Total |       0 |     189 |   0.0 |       0 |      52 |   0.0 |  2336
               +---------+---------+-------+---------+---------+-------+---------
           D:1 |       0 |      19 |   0.0 |       0 |      13 |   0.0 |   713
           D:2 |       0 |     119 |   0.0 |       0 |      30 |   0.0 |  1361
           D:3 |       0 |      51 |   0.0 |       0 |       9 |   0.0 |   262
               +---------+---------+-------+---------+---------+-------+---------

Vault maps used:
D:1:      minmay_arrival_wavy_path
D:2:      first_ration
D:3:      chequers_temple_overflow_statue_of_worship, bloody_trog

Table legend:
 A = Turns spent in this place as a percentage of turns spent in the entire game.
 B = Non-inter-level travel turns spent in this place as a percentage of non-inter-level travel turns spent in the entire game.
 C = Inter-level travel turns spent in this place as a percentage of turns spent in this place.
 D = Turns resting spent in this place as a percentage of non-inter-level travel turns spent in this place.
 E = Turns spent auto-exploring this place as a percentage of non-inter-level travel turns spent in this place.
 F = Non-inter-level travel turns spent in this place divided by the number of levels of this place that you've seen.
                   A       B       C       D       E      F
               +-------+-------+-------+-------+-------+----------------------
         Total | 100.0 | 100.0 |   1.8 |   0.7 |  80.7 | 764.7
       Dungeon | 100.0 | 100.0 |   1.8 |   0.7 |  80.7 | 764.7
               +-------+-------+-------+-------+-------+----------------------

Table legend:
 A = Kills in this place as a percentage of kills in entire the game.
 B = Kills by you in this place as a percentage of kills by you in the entire game.
 C = Kills by friends in this place as a percentage of kills by friends in the entire game.
 D = Other kills in this place as a percentage of other kills in the entire game.
 E = Experience gained in this place as a percentage of experience gained in the entire game.
 F = Experience gained in this place divided by the number of levels of this place that you have seen.
                   A       B       C       D       E      F
               +-------+-------+-------+-------+-------+----------------------
         Total | 100.0 | 100.0 |   N/A |   N/A | 100.0 |  63.0
       Dungeon | 100.0 | 100.0 |   N/A |   N/A | 100.0 |  63.0
               +-------+-------+-------+-------+-------+----------------------
